PA
NEBRASKA PLAINSMEN @ ATHLETIC CLUB KC U-21
08/28/2028
 
TOP OF THE 1ST
Nebraska Plainsmen batting - Pitching for Athletic Club KC U-21 : RHP Lester Roadley
Pitching: RHP Lester Roadley
Batting: RHB Amos Bies 0-0: Foul Ball, location: 2F
0-1: Ball
1-1: Fly out, F2 (Popup, 15S)
Batting: LHB Gilberto Moreno 0-0: Ball
1-0: Ball
2-0: Called Strike
2-1: Ball
3-1: Base on Balls
Batting: SHB Keyveat Postell 0-0: Called Strike
0-1: Swinging Strike
0-2: Ball
1-2: Strikes out swinging
Batting: LHB Josh Platt 0-0: Swinging Strike
0-1: Called Strike
0-2: Strikes out swinging
Top of the 1st over - 0 run(s), 0 hit(s), 0 error(s), 1 left on base; Nebraska 0 - Athletic Club KC 0
BOTTOM OF THE 1ST
Athletic Club KC U-21 batting - Pitching for Nebraska Plainsmen : RHP Ramón Luér
Pitching: RHP Ramón Luér
Batting: LHB Takayuki Yoshikawa 0-0: Swinging Strike
0-1: Ball
1-1: Fly out, F8 (Flyball, 8LS)
Batting: RHB Tasuku Goto 0-0: SINGLE (Groundball, 56) (infield hit)
Batting: LHB Wu-shun Chu 0-0: Ball
1-0: Called Strike
1-1: Ball
2-1: Ground out 3-1 (Groundball, 34S)
Tasuku Goto to second
Batting: RHB Colin Bottone 0-0: Called Strike
0-1: Swinging Strike
0-2: Ball
1-2: Foul Ball, location: 2F
1-2: Fly out, F9 (Flyball, 9LS)
Bottom of the 1st over - 0 run(s), 1 hit(s), 0 error(s), 1 left on base; Nebraska 0 - Athletic Club KC 0
TOP OF THE 2ND
Nebraska Plainsmen batting - Pitching for Athletic Club KC U-21 : RHP Lester Roadley
Batting: RHB Alco Compagne 0-0: Ball
1-0: Ball
2-0: Ball
3-0: Called Strike
3-1: Base on Balls
Batting: RHB Harith Karim 0-0: Called Strike
0-1: Swinging Strike
0-2: Foul Ball, location: 2F
0-2: Fly out, F8 (Flyball, 8LM)
Batting: LHB Elian Gonzalez 0-0: Ball
1-0: Ball
2-0: Fly out, F4 (Line Drive, 34D)
Batting: LHB Bob Knutson Pickoff Throw to First - Out!
Top of the 2nd over - 0 run(s), 0 hit(s), 0 error(s), 0 left on base; Nebraska 0 - Athletic Club KC 0
BOTTOM OF THE 2ND
Athletic Club KC U-21 batting - Pitching for Nebraska Plainsmen : RHP Ramón Luér
Batting: LHB Chi-hun Chong 0-0: Ball
1-0: Reached on error, E8 (Flyball, 8LM)
Batting: RHB Roberto Romero 0-0: Swinging Strike
0-1: Swinging Strike
0-2: Ball
1-2: Strikes out swinging
Batting: RHB Troy Whitehurst 0-0: Called Strike
0-1: Ball
1-1: Ball
2-1: Grounds into double play, 4-6-3 (Groundball, 4)
Bottom of the 2nd over - 0 run(s), 0 hit(s), 1 error(s), 0 left on base; Nebraska 0 - Athletic Club KC 0
TOP OF THE 3RD
Nebraska Plainsmen batting - Pitching for Athletic Club KC U-21 : RHP Lester Roadley
Batting: LHB Bob Knutson 0-0: Called Strike
0-1: Ground out 4-3 (Groundball, 34)
Batting: LHB Michael Cochran 0-0: Ball
1-0: Ground out 4-3 (Groundball, 4)
Batting: RHB Amos Bies 0-0: Ball
1-0: Foul Ball, location: 2F
1-1: Bunt for hit - play at first, batter OUT! 2-3
Top of the 3rd over - 0 run(s), 0 hit(s), 0 error(s), 0 left on base; Nebraska 0 - Athletic Club KC 0
BOTTOM OF THE 3RD
Athletic Club KC U-21 batting - Pitching for Nebraska Plainsmen : RHP Ramón Luér
Batting: RHB Dewey Nauss 0-0: Called Strike
0-1: Ball
1-1: Foul Ball, location: 2F
1-2: Foul Ball, location: 2F
1-2: Strikes out looking
Batting: RHB Tae-kyun Chon 0-0: Ball
1-0: Swinging Strike
1-1: Foul Ball, location: 2F
1-2: Ball
2-2: Strikes out swinging
Batting: LHB Takayuki Yoshikawa 0-0: SINGLE (Groundball, 34D)
Batting: RHB Tasuku Goto 0-0: Called Strike
0-1: Swinging Strike
0-2: Ball
1-2: Foul Ball, location: 2F
1-2: Strikes out swinging
Bottom of the 3rd over - 0 run(s), 1 hit(s), 0 error(s), 1 left on base; Nebraska 0 - Athletic Club KC 0
TOP OF THE 4TH
Nebraska Plainsmen batting - Pitching for Athletic Club KC U-21 : RHP Lester Roadley
Batting: LHB Gilberto Moreno 0-0: Ball
1-0: TRIPLE (Line Drive, 3L)
Batting: SHB Keyveat Postell 0-0: Foul Ball, location: 2F
0-1: Ball
1-1: Ball
2-1: Called Strike
2-2: Foul Ball, location: 2F
2-2: Foul Ball, location: 2F
2-2: Ball
3-2: Foul Ball, location: 2F
3-2: Foul Ball, location: 2F
3-2: Base on Balls
Batting: LHB Josh Platt 0-0: Called Strike
0-1: Grounds into double play, 3-6-3 (Groundball, 3)
Gilberto Moreno scores
Batting: RHB Alco Compagne 0-0: Ball
1-0: Swinging Strike
1-1: Foul Ball, location: 2F
1-2: Strikes out swinging
Top of the 4th over - 1 run(s), 1 hit(s), 0 error(s), 0 left on base; Nebraska 1 - Athletic Club KC 0
BOTTOM OF THE 4TH
Athletic Club KC U-21 batting - Pitching for Nebraska Plainsmen : RHP Ramón Luér
Batting: LHB Wu-shun Chu 0-0: Foul Ball, location: 2F
0-1: Hit by Pitch
Batting: RHB Colin Bottone 0-0: Ball
1-0: Ball
2-0: Called Strike
2-1: Ball
3-1: Grounds into double play, 6-4-3 (Groundball, 6)
Batting: LHB Chi-hun Chong 0-0: Ball
1-0: Ball
2-0: Ball
3-0: Called Strike
3-1: Called Strike
3-2: SINGLE (Line Drive, 6)
Batting: RHB Roberto Romero 0-0: Ball
1-0: Fielders Choice at 2nd, 4-6 (Groundball, 4)
Bottom of the 4th over - 0 run(s), 1 hit(s), 0 error(s), 0 left on base; Nebraska 1 - Athletic Club KC 0
TOP OF THE 5TH
Nebraska Plainsmen batting - Pitching for Athletic Club KC U-21 : RHP Lester Roadley
Batting: RHB Harith Karim 0-0: Called Strike
0-1: Foul Ball, location: 2F
0-2: Ball
1-2: Ball
2-2: Ball
3-2: SINGLE (Groundball, 56D)
Batting: LHB Elian Gonzalez 0-0: Bunt missed!
0-1: Sac Bunt - play at first, batter OUT! 1-4
Harith Karim to second
Batting: LHB Bob Knutson 0-0: Called Strike
0-1: Ball
1-1: Foul Ball, location: 2F
1-2: Foul Ball, location: 2F
1-2: Foul Ball, location: 2F
1-2: Foul Ball, location: 2F
1-2: Foul Ball, location: 2F
1-2: SINGLE (Groundball, 4MD)
Harith Karim to third
Batting: LHB Michael Cochran 0-0: Ball
1-0: Foul Ball, location: 2F
1-1: Fielders Choice at 2nd, 4-6 (Groundball, 4)
Harith Karim scores
Batting: RHB Amos Bies 0-0: Fielders Choice at 2nd, 6-4 (Groundball, 6)
Top of the 5th over - 1 run(s), 2 hit(s), 0 error(s), 0 left on base; Nebraska 2 - Athletic Club KC 0
BOTTOM OF THE 5TH
Athletic Club KC U-21 batting - Pitching for Nebraska Plainsmen : RHP Ramón Luér
Batting: RHB Troy Whitehurst 0-0: Ball
1-0: Called Strike
1-1: Foul Ball, location: 2F
1-2: Foul Ball, location: 2F
1-2: Ball
2-2: Foul Ball, location: 2F
2-2: Strikes out swinging
Batting: RHB Dewey Nauss 0-0: Called Strike
0-1: Swinging Strike
0-2: Foul Ball, location: 2F
0-2: Ball
1-2: Ball
2-2: Strikes out swinging
Batting: RHB Tae-kyun Chon 0-0: Ball
1-0: Called Strike
1-1: Ball
2-1: Ball
3-1: Fly out, F7 (Flyball, 78M)
Bottom of the 5th over - 0 run(s), 0 hit(s), 0 error(s), 0 left on base; Nebraska 2 - Athletic Club KC 0
TOP OF THE 6TH
Nebraska Plainsmen batting - Pitching for Athletic Club KC U-21 : RHP Lester Roadley
Batting: LHB Gilberto Moreno 0-0: Called Strike
0-1: Called Strike
0-2: Foul Ball, location: 2F
0-2: Ball
1-2: Ball
2-2: Foul Ball, location: 2F
2-2: Foul Ball, location: 2F
2-2: Fly out, F8 (Flyball, 8LM)
Batting: SHB Keyveat Postell 0-0: Called Strike
0-1: Fly out, F8 (Line Drive, 78D)
Batting: LHB Josh Platt 0-0: Called Strike
0-1: Swinging Strike
0-2: Ball
1-2: SINGLE (Groundball, 56D)
Batting: RHB Alco Compagne 0-0: Ball
1-0: Foul Ball, location: 2F
1-1: Called Strike
1-2: Ground out 5-3 (Groundball, 56S)
Top of the 6th over - 0 run(s), 1 hit(s), 0 error(s), 1 left on base; Nebraska 2 - Athletic Club KC 0
BOTTOM OF THE 6TH
Athletic Club KC U-21 batting - Pitching for Nebraska Plainsmen : RHP Ramón Luér
Batting: LHB Takayuki Yoshikawa 0-0: Ball
1-0: Called Strike
1-1: Foul Ball, location: 2F
1-2: Ball
2-2: Strikes out swinging
Batting: RHB Tasuku Goto 0-0: Ball
1-0: Fly out, F6 (Line Drive, 6)
Batting: LHB Wu-shun Chu 0-0: Ball
1-0: Called Strike
1-1: Called Strike
1-2: Strikes out swinging
Bottom of the 6th over - 0 run(s), 0 hit(s), 0 error(s), 0 left on base; Nebraska 2 - Athletic Club KC 0
TOP OF THE 7TH
Nebraska Plainsmen batting - Pitching for Athletic Club KC U-21 : RHP Lester Roadley
Batting: RHB Harith Karim 0-0: Ball
1-0: Swinging Strike
1-1: Called Strike
1-2: Ball
2-2: Ball
3-2: Strikes out swinging
Batting: LHB Elian Gonzalez 0-0: Called Strike
0-1: Ball
1-1: Called Strike
1-2: Ball
2-2: Ground out U3 (Groundball, 3)
Batting: LHB Bob Knutson 0-0: SINGLE (Groundball, 34D)
Batting: LHB Michael Cochran 0-0: Ball
1-0: Ball
2-0: Called Strike
2-1: Ball
3-1: Base on Balls
Bob Knutson to second
Batting: RHB Amos Bies 0-0: Ball
1-0: Ball
2-0: Swinging Strike
2-1: Swinging Strike
2-2: Strikes out swinging
Top of the 7th over - 0 run(s), 1 hit(s), 0 error(s), 2 left on base; Nebraska 2 - Athletic Club KC 0
BOTTOM OF THE 7TH
Athletic Club KC U-21 batting - Pitching for Nebraska Plainsmen : RHP Ramón Luér
Batting: RHB Colin Bottone 0-0: SINGLE (Flyball, 9LS)
Batting: LHB Chi-hun Chong 0-0: Called Strike
Colin Bottone is caught stealing 2nd base
0-1: Ball
1-1: Swinging Strike
1-2: Fly out, F9 (Flyball, 9)
Batting: RHB Roberto Romero 0-0: Ball
1-0: Ball
2-0: Foul Ball, location: 2F
2-1: Foul Ball, location: 2F
2-2: Foul Ball, location: 2F
2-2: Foul Ball, location: 2F
2-2: Ball
3-2: Foul Ball, location: 2F
3-2: Strikes out swinging, 2-3 out at first.
Bottom of the 7th over - 0 run(s), 1 hit(s), 0 error(s), 0 left on base; Nebraska 2 - Athletic Club KC 0
TOP OF THE 8TH
Nebraska Plainsmen batting - Pitching for Athletic Club KC U-21 : RHP Lester Roadley
Pitching: RHP Alberto Ortíz
Batting: LHB Gilberto Moreno 0-0: Called Strike
0-1: Swinging Strike
0-2: Ground out 4-3 (Groundball, 34D)
Batting: SHB Keyveat Postell 0-0: Ball
1-0: Ball
2-0: Foul Ball, location: 2F
2-1: Foul Ball, location: 2F
2-2: Fly out, F8 (Flyball, 89M)
Batting: LHB Josh Platt 0-0: Called Strike
0-1: Ball
1-1: Ground out 4-3 (Groundball, 4D)
Top of the 8th over - 0 run(s), 0 hit(s), 0 error(s), 0 left on base; Nebraska 2 - Athletic Club KC 0
BOTTOM OF THE 8TH
Athletic Club KC U-21 batting - Pitching for Nebraska Plainsmen : RHP Ramón Luér
Batting: RHB Troy Whitehurst 0-0: SINGLE (Line Drive, 6D)
Pinch Runner at 1st Arturo Annunziato:
Batting: RHB Dewey Nauss 0-0: Called Strike
0-1: Ball
1-1: Ball
Passed Ball!
Arturo Annunziato to second
2-1: Foul Ball, location: 2F
2-2: Ball
3-2: Base on Balls
Batting: RHB Tae-kyun Chon 0-0: Sac Bunt - play at first, batter OUT! 1-3
Arturo Annunziato to third
Dewey Nauss to second
Batting: LHB Takayuki Yoshikawa 0-0: Ball
1-0: Ball
2-0: Called Strike
2-1: Ball
3-1: Called Strike
3-2: Strikes out swinging
Pitching: RHP Joseph Merle
Batting: RHB Tasuku Goto 0-0: Ball
1-0: DOUBLE (Line Drive, 78XD)
Arturo Annunziato scores
Dewey Nauss scores
Pitching: RHP Alejandro Morín
Batting: LHB Wu-shun Chu 0-0: Ball
1-0: Foul Ball, location: 2F
1-1: Ball
2-1: Foul Ball, location: 2F
2-2: Fly out, F9 (Flyball, 9)
Bottom of the 8th over - 2 run(s), 2 hit(s), 0 error(s), 1 left on base; Nebraska 2 - Athletic Club KC 2
TOP OF THE 9TH
Nebraska Plainsmen batting - Pitching for Athletic Club KC U-21 : RHP Alberto Ortíz
Pitching: RHP Kamisese Alohinani
Now in RF: Arturo Annunziato
Batting: RHB Alco Compagne 0-0: Ball
1-0: Fly out, F9 (Flyball, 9LS)
Pinch Hitting: RHB Lloyd Raaijmakers 0-0: Called Strike
0-1: Ball
1-1: Fly out, F8 (Flyball, 8RM)
Batting: LHB Elian Gonzalez 0-0: Called Strike
0-1: Ball
1-1: Ground out 4-3 (Groundball, 4)
Top of the 9th over - 0 run(s), 0 hit(s), 0 error(s), 0 left on base; Nebraska 2 - Athletic Club KC 2
BOTTOM OF THE 9TH
Athletic Club KC U-21 batting - Pitching for Nebraska Plainsmen : RHP Alejandro Morín
Pitching: LHP I-tsing Ts'ong
Now at C: José Muñóz
Batting: RHB Colin Bottone 0-0: Ball
1-0: Ball
2-0: Ball
3-0: Called Strike
3-1: Swinging Strike
3-2: Base on Balls
Batting: LHB Chi-hun Chong 0-0: Foul Ball, location: 2F
0-1: Foul Ball, location: 2F
0-2: Strikes out swinging
Batting: RHB Roberto Romero 0-0: Called Strike
0-1: Called Strike
0-2: Strikes out looking
Batting: RHB Arturo Annunziato 0-0: Ball
1-0: Ball
2-0: Ground out 4-3 (Groundball, 4M)
Bottom of the 9th over - 0 run(s), 0 hit(s), 0 error(s), 1 left on base; Nebraska 2 - Athletic Club KC 2
TOP OF THE 10TH
Nebraska Plainsmen batting - Pitching for Athletic Club KC U-21 : RHP Kamisese Alohinani
Batting: LHB Bob Knutson 0-0: Called Strike
0-1: Ball
1-1: Foul Ball, location: 2F
1-2: Fly out, F8 (Flyball, 8LS)
Batting: LHB Michael Cochran 0-0: Ball
1-0: Called Strike
1-1: Called Strike
1-2: Ball
2-2: Foul Ball, location: 2F
2-2: Foul Ball, location: 2F
2-2: Foul Ball, location: 2F
2-2: Ball
3-2: Foul Ball, location: 2F
3-2: Base on Balls
Batting: RHB Amos Bies 0-0: Ball
Michael Cochran is caught stealing 2nd base
1-0: Called Strike
1-1: Ball
2-1: Foul Ball, location: 2F
2-2: Foul Ball, location: 2F
2-2: Strikes out swinging
Top of the 10th over - 0 run(s), 0 hit(s), 0 error(s), 0 left on base; Nebraska 2 - Athletic Club KC 2
BOTTOM OF THE 10TH
Athletic Club KC U-21 batting - Pitching for Nebraska Plainsmen : LHP I-tsing Ts'ong
Batting: RHB Dewey Nauss 0-0: Foul Ball, location: 2F
0-1: Ball
1-1: Ball
2-1: Foul Ball, location: 2F
2-2: Ball
3-2: Foul Ball, location: 2F
3-2: Base on Balls
Pinch Runner at 1st Tony Osorio:
Batting: RHB Tae-kyun Chon 0-0: Ball
1-0: Sac Bunt - play at first, batter OUT! 5-4
Tony Osorio to second
Batting: LHB Takayuki Yoshikawa 0-0: Called Strike
Tony Osorio is caught stealing 3rd base
0-1: Foul Ball, location: 2F
0-2: Ball
1-2: Ground out 6-3 (Groundball, 6)
Bottom of the 10th over - 0 run(s), 0 hit(s), 0 error(s), 0 left on base; Nebraska 2 - Athletic Club KC 2
TOP OF THE 11TH
Nebraska Plainsmen batting - Pitching for Athletic Club KC U-21 : RHP Kamisese Alohinani
Pitching: RHP Ánibal Acejedo
Now at C: Miguel Rodríguez
Batting: LHB Gilberto Moreno 0-0: Called Strike
0-1: Ball
1-1: Ground out 4-3 (Groundball, 4)
Batting: SHB Keyveat Postell 0-0: Ball
1-0: Ball
2-0: Swinging Strike
2-1: Called Strike
2-2: Foul Ball, location: 2F
2-2: Ball
3-2: SINGLE (Groundball, 34D)
Batting: LHB Josh Platt 0-0: Ball
Keyveat Postell is caught stealing 2nd base
1-0: Fly out, F7 (Flyball, 7LM)
Top of the 11th over - 0 run(s), 1 hit(s), 0 error(s), 0 left on base; Nebraska 2 - Athletic Club KC 2
BOTTOM OF THE 11TH
Athletic Club KC U-21 batting - Pitching for Nebraska Plainsmen : LHP I-tsing Ts'ong
Pitching: RHP Ken Swander
Batting: RHB Tasuku Goto 0-0: Ball
1-0: SINGLE (Groundball, 56S) (infield hit)
Batting: LHB Wu-shun Chu 0-0: Ball
1-0: Called Strike
1-1: Ground out 4-3 (Groundball, 34D)
Tasuku Goto to second
Batting: RHB Colin Bottone 0-0: Ball
1-0: Ball
2-0: Foul Ball, location: 2F
2-1: Called Strike
2-2: Strikes out swinging
Batting: LHB Chi-hun Chong 0-0: Swinging Strike
0-1: Swinging Strike
0-2: Strikes out swinging
Bottom of the 11th over - 0 run(s), 1 hit(s), 0 error(s), 1 left on base; Nebraska 2 - Athletic Club KC 2
TOP OF THE 12TH
Nebraska Plainsmen batting - Pitching for Athletic Club KC U-21 : RHP Ánibal Acejedo
Batting: RHB Alco Compagne 0-0: Called Strike
0-1: Ball
1-1: Foul Ball, location: 2F
1-2: Ball
2-2: Strikes out looking
Pinch Hitting: LHB Gerardo Ponce de Leon 0-0: Ball
1-0: SINGLE (Line Drive, 8LS)
Pinch Runner at 1st Matthias Ballerini:
Batting: LHB Elian Gonzalez 0-0: Ball
1-0: Foul Ball, location: 2F
1-1: Foul Ball, location: 2F
1-2: Ground out U3 (Groundball, 34)
Matthias Ballerini to second
Batting: LHB Bob Knutson 0-0: Ball
1-0: Called Strike
1-1: Foul Ball, location: 2F
1-2: SINGLE (Groundball, 4MD)
Matthias Ballerini to third
Runner from 3rd tries for Home, SAFE, no throw
Batting: LHB Michael Cochran 0-0: Called Strike
0-1: Ball
1-1: Foul Ball, location: 2F
1-2: Fielders Choice at 2nd, 4-6 (Groundball, 4)
Top of the 12th over - 1 run(s), 2 hit(s), 0 error(s), 0 left on base; Nebraska 3 - Athletic Club KC 2
BOTTOM OF THE 12TH
Athletic Club KC U-21 batting - Pitching for Nebraska Plainsmen : RHP Ken Swander
Now at C: Calvin Blonke
Now in LF: Jen-djieh Cheung
Now in RF: José Bravo
Batting: RHB Roberto Romero 0-0: Ball
1-0: Ball
2-0: Ground out 4-3 (Groundball, 4)
Batting: RHB Arturo Annunziato 0-0: Called Strike
0-1: Ball
1-1: Ball
2-1: Ball
3-1: Fly out, F7 (Flyball, 7S)
Pinch Hitting: RHB Chee-hwa Tze 0-0: Fly out, F8 (Flyball, 8RM)
Bottom of the 12th over - 0 run(s), 0 hit(s), 0 error(s), 0 left on base; Nebraska 3 - Athletic Club KC 2
Wednesday, August 30th, 2017 - OOTP Baseball 17.12 Build 75